 Dungeon Crawl Stone Soup version 0.30-a0-989-g0d87f670db (webtiles) character file.

Game seed: 2320147434964572095

378 cforsyth the Shield-Bearer (level 7, 0/55 HPs)
             Began as a Formicid Fighter on Apr 3, 2023.
             Slain by Dowan
             ... wielding a +0 war axe
              (9 damage)
             ... on level 3 of the Dungeon.
             The game lasted 00:03:16 (2645 turns).

cforsyth the Shield-Bearer (Formicid Fighter)       Turns: 2645, Time: 00:03:17

Health: 0/55       AC:  9    Str: 23    XL:     7   Next: 4%
Magic:  7/7        EV:  7    Int:  7    God:
Gold:   180        SH:  5    Dex: 13    Spells: 6/6 levels left

rFire   . . .      SeeInvis +    d - +5 flail (holy)
rCold   . . .      Faith    .    c - +0 buckler
rNeg    . . .      Spirit   .    o - +0 chain mail
rPois   .          Reflect  .    (helmet unavailable)
rElec   .          Rampage  .    (no cloak)
rCorr   .                        (no gloves)
Will    .....                    (no boots) Stlth
                                 (no amulet)
HPRegen 0.29/turn                j - ring of flight
MPRegen 0.10/turn                (no ring)

@: flying
A: permanent stasis, dig shafts and tunnels, antennae 3, four strong arms
a: Dig, Shaft Self


You were on level 3 of the Dungeon.
You visited 1 branch of the dungeon, and saw 4 of its levels.

You collected 180 gold pieces.

Inventory:

Hand Weapons
 a - a +0 flail
 d - a +5 flail of holy wrath (weapon)
Armour
 b - a +0 scale mail
 c - a +0 buckler (worn)
 o - a +0 chain mail (worn)
Jewellery
 j - a ring of flight (left hand)
 q - a ring of fire
Scrolls
 f - a scroll of magic mapping {unknown}
 g - a scroll of enchant weapon {unknown}
 h - a scroll of identify {unknown}
 i - 2 scrolls of enchant armour {unknown}
 n - a scroll of teleportation {unknown}
 r - a scroll of silence {unknown}
 u - a scroll of poison {unknown}
Potions
 e - 2 potions of heal wounds {unknown}
 k - 2 potions of degeneration {unknown}
 l - a potion of haste {unknown}
 m - 2 potions of magic {unknown}
 p - a potion of lignification {unknown}
 s - a potion of ambrosia {unknown}
 t - a potion of curing {unknown}
 v - a potion of attraction {unknown}


   Skills:
 + Level 4.8 Fighting
 + Level 3.8 Maces & Flails
 + Level 4.9 Armour
 + Level 5.9 Shields


You had 6 spell levels left.
You didn't know any spells.
Your spell library contained the following spells:

 Spells                   Type           Power      Damage    Failure   Level
 Iskenderun's Battlesphe  Conj           0%         2d6       100%        5
 Iron Shot                Conj/Erth      0%         9d1       100%        6
 Spellforged Servitor     Conj/Summ      0%         N/A       100%        7


Dungeon Overview and Level Annotations

Branches:
Dungeon (4/15)
 Temple: D:4-7

Altars:
Sif Muna

Annotations:
D:3 Dowan


Innate Abilities, Weirdness & Mutations

You cannot be hasted, slowed, berserked, paralysed or teleported.
You can dig through walls and to a lower floor.
You have a pair of large antennae on your head. (SInv)
Your four strong arms can wield two-handed weapons with a shield.


Message History

The jackal bites you but does no damage. x3
Duvessa hits you with a +0 short sword.
An orc comes into view. It is wielding a +0 falchion.
The jackal barely misses you.
Dowan drinks a potion.
Dowan seems to grow stronger.
You hit Duvessa.
You kill Duvessa!
Dowan's eyes darken. "You have made a black mistake."
Dowan seems to find hidden reserves of power!
You block the jackal's attack.
A giant cockroach comes into view.
The jackal bites you but does no damage.
You block the jackal's attack. x2
You have reached level 7!
The jackal attacks as you move away! You block the jackal's attack.
Dowan says, "Her death will not be in vain!"
The jackal barely misses you. Dowan attacks as you move away!
Dowan hits you but does no damage. Dowan hits you with a +0 war axe!
The jackal bites you. The jackal attacks as you move away!
The jackal bites you but does no damage.
Dowan attacks as you move away! Dowan barely misses you.
Dowan barely misses you.
There is an open door here.
Dowan hits you with a +0 war axe. Dowan attacks as you move away!
Dowan hits you with a +0 war axe!
There is a stone staircase leading up here.
Dowan hits you with a +0 war axe!
* * * LOW HITPOINT WARNING * * *
You block Dowan's attack.
You fly upwards.
There is a stone staircase leading down here.
You closely miss Dowan. Dowan hits you but does no damage.
Dowan closely misses you.
You miss Dowan. Dowan completely misses you. Dowan hits you with a +0 war axe.
* * * LOW HITPOINT WARNING * * *
You hit Dowan.
Dowan is moderately wounded.
Dowan hits you with a +0 war axe!
You die...

##..##.#########.#..# #..
##.......#.........# ###
#.....#.#.####)...#
#.....#...# #.##.#
#.....##..####.##.########
#.....##..#.......#.......
#.....##..#.....###.#####.
#.....##........# #.###<#.
####'###e@.###### #.....#.
#.# ##################†
#.# #............... #.#
#.#############. #.# #.#
#. #.######.# #.
#........# ## ##########


You could see Dowan (fast, strong).

Vanquished Creatures
  Edmund (D:4)
  Duvessa (D:4)
  An orc priest (D:4)
  An orc wizard (D:4)
  A gnoll (D:1)
  2 adders (D:3)
  A worm (D:3)
  5 orcs
  5 bats
  5 endoplasms
  3 giant cockroaches
  4 goblins
  6 hobgoblins
  8 jackals
  4 quokkas
  5 ball pythons
  2 frilled lizards (D:1)
  6 kobolds
  7 rats
68 creatures vanquished.

Notes
Turn   | Place    | Note
-------+----------+-------------------------------------------
     0 | D:1      | cforsyth the Formicid Fighter began the quest for the Orb.
     0 | D:1      | Reached XP level 1. HP: 18/18 MP: 1/1
    21 | D:1      | Found a faded altar of an unknown god.
    50 | D:1      | Reached XP level 2. HP: 23/24 MP: 2/2
   193 | D:1      | Reached XP level 3. HP: 27/30 MP: 3/3
  1055 | D:2      | You fall into a shaft and drop 2 floors!
  1096 | D:4      | Reached XP level 4. HP: 9/37 MP: 4/4
  1510 | D:3      | Reached skill level 5 in Shields
  1510 | D:3      | Reached XP level 5. HP: 42/42 MP: 5/5
  1825 | D:3      | Found a shimmering blue altar of Sif Muna.
  2222 | D:4      | Noticed Dowan
  2553 | D:4      | Noticed Edmund
  2574 | D:4      | Killed Edmund
  2575 | D:4      | Reached XP level 6. HP: 42/49 MP: 6/6
  2620 | D:4      | Noticed Duvessa
  2633 | D:4      | Killed Duvessa
  2634 | D:4      | Reached XP level 7. HP: 43/55 MP: 7/7
  2645 | D:3      | Slain by Dowan

Illustrated notes

Levels and vault maps discovered:
D:1:      minmay_arrival_checkered_box, layout_rooms, basic_ecumenical_altar
D:2:      layout_loops_ring, minmay_tromino_v4_b
D:3:      layout_basic, mainiacjoe_overflow_six_doors_small
D:4:      layout_gridville, uniq_edmund, uniq_duvessa

Skill      XL: |  1  2  3  4  5 |
---------------+----------------+-----
Armour         | 4 |  4.9
Fighting       | 4 |  4.8
Shields        | 5 |  5.9
Maces & Flails | 3 |  3.8

Action                     |  1- 3 |  4- 6 |  7- 9 || total
---------------------------+-------+-------+-------++-------
  Melee: Flail             |   117 |   103 |     3 ||   223
    Use: Potion            |       |     1 |       ||     1
 Armour: Scale mail        |    55 |     8 |       ||    63
         Chain mail        |       |    68 |     3 ||    71
  Dodge: Dodged            |    75 |    58 |     5 ||   138
  Block: Buckler           |    34 |    34 |     2 ||    70

Table legend: (Time is in decaauts)
 A = Elapsed time spent in this place.
 B = Non-inter-level travel time spent in this place.
 C = Inter-level travel time spent in this place.
 D = Time resting spent in this place.
 E = Time spent auto-exploring this place.
 F = Levels seen in this place.
 G = Mean time per level.
                   A        B        C        D        E       F      G
               +--------+--------+--------+--------+--------+-----+--------+
         Total |   2714 |   2656 |     58 |    214 |   1784 |   4 |  678.5 |
       Dungeon |   2714 |   2656 |     58 |    214 |   1784 |   4 |  678.5 |
               +--------+--------+--------+--------+--------+-----+--------+

Top non-repeatable levels by time:
     D:3: 1012 daAuts
     D:1: 611 daAuts
     D:2: 597 daAuts
     D:4: 493 daAuts
